 Seeded DCSS version 0.29-a0-857-g9b1aa3ac5b (webtiles) character file.

Game seed: 8897551386731462229 (custom seed)

191012 wilfster70 the Missionary (level 18, 0/163 HPs)
             Began as a Hill Orc Fighter on July 15, 2022.
             Was a Priest of Beogh.
             Hit by a silver javelin thrown by a merfolk javelineer (1 damage)
             ... on level 4 of the Shoals on July 16, 2022.
             The game lasted 01:29:07 (39324 turns).

wilfster70 the Missionary (Hill Orc Fighter)       Turns: 39324, Time: 01:29:08

Health: 0/163      AC: 31    Str: 27    XL:     18   Next: 18%
Magic:  34/34      EV: 11    Int: 21    God:    Beogh [***...]
Gold:   788        SH: 18    Dex: 12    Spells: 17/17 levels left

rFire   + + .      SeeInvis +   a - +6 broad axe (elec)
rCold   . . .      Faith    .   x - +0 kite shield of Poaz Uny {+Inv}
rNeg    . . .      Spirit   .   X - +5 plate armour {rF+}
rPois   +          Reflect  +   s - +1 helmet of Lieroij {rCorr}
rElec   +          Harm     .   f - +1 cloak of Starlight {*Dazzle EV+4 Stlth--}
rCorr   +          Rampage  .   g - +2 pair of gloves
Will    +....                   D - +2 pair of boots of Parts Unknown {Int+3}
Stlth   ..........              N - amulet of the Establishment {Reflect Contam rElec Dex+2 SH+5 SInv}
HPRegen 0.37/turn               h - ring of Eqetathrudgh {rElec rPois Int+6}
MPRegen 0.24/turn               Q - ring "Fufar" {Fly rF+ Int+4}

@: flying, studying 3 skills
A: no striking features
}: 1/15 runes: gossamer
a: Renounce Religion, Evoke Invisibility, Smiting


You were on level 4 of the Shoals.
You worshipped Beogh.
Beogh was most pleased with you.
You visited 5 branches of the dungeon, and saw 31 of its levels.
You visited 1 bazaar.
You also visited: Ossuary, Bailey and Ice Cave.

You collected 4258 gold pieces.
You spent 3470 gold pieces at shops.

Inventory:

Hand Weapons
 a - a +6 broad axe of electrocution (weapon)
 b - a +1 demon whip of venom
 p - a +1 vorpal trident
 r - a +0 glaive of flaming
 J - a +0 halberd
 M - the +8 sling of Risukash {freeze, Dex+2}
   (You found it in a bailey)

   Any ammunition fired from it freezes those it strikes, dealing additional
   cold damage.
   It can also slow down cold-blooded creatures.
   Dex:       It affects your dexterity (+2).
 S - a +0 trident
 W - a +0 demon trident of protection
Missiles
 P - 4 throwing nets (quivered)
Armour
 f - the +1 cloak of Starlight (worn) {*Dazzle EV+4 Stlth--}
   (You acquired it on level 1 of the Dungeon)

   It may blind those who miss an attack against the wearer in melee combat.
   EV:        It affects your evasion (+4).
   Stlth:     It makes you much less stealthy.
 g - a +2 pair of gloves (worn)
 s - the +1 helmet of Lieroij (worn) {rCorr}
   (You acquired it on level 12 of the Dungeon)

   rCorr:     It protects you from acid and corrosion.
 x - the +0 kite shield of Poaz Uny (worn) {+Inv}
   (You acquired it on level 5 of the Lair of Beasts)

   +Inv:      It lets you turn invisible.
 D - the +2 pair of boots of Parts Unknown (worn) {Int+3}
   (You acquired it on level 8 of the Dungeon)

   Int:       It affects your intelligence (+3).
 X - a +5 plate armour of fire resistance (worn)
Jewellery
 h - the ring of Eqetathrudgh (left hand) {rElec rPois Int+6}
   (You acquired it on level 1 of the Dungeon)

   [ring of intelligence]

   Int:       It affects your intelligence (+6).
   rElec:     It insulates you from electricity.
   rPois:     It protects you from poison.
 m - a ring of see invisible
 o - a ring of resist corrosion
 t - the ring of the Fuzzy God {+Blink Fly Will+}
   (You acquired it on level 3 of the Shoals)

   [ring of flight]

   Fly:       It grants you flight.
   +Blink:    It lets you blink.
   Will:      It increases your willpower.
 N - the amulet of the Establishment (around neck) {Reflect Contam rElec Dex+2 SH+5 SInv}
   (You acquired it on level 8 of the Dungeon)

   [amulet of reflection]

   It reflects blocked missile attacks.
   Dex:       It affects your dexterity (+2).
   rElec:     It insulates you from electricity.
   SInv:      It lets you see invisible.
   Contam:    It causes magical contamination when unequipped.
   SH:        It affects your SH (+5).
 Q - the ring "Fufar" (right hand) {Fly rF+ Int+4}
   (You bought it in a shop on level 10 of the Dungeon)

   [ring of protection from fire]

   Int:       It affects your intelligence (+4).
   rF:        It protects you from fire.
   Fly:       It grants you flight.
 Z - the ring "Fautyocs" {rPois rC+ Str+2}
   (You found it on level 3 of the Spider Nest)

   [ring of poison resistance]

   Str:       It affects your strength (+2).
   rC:        It protects you from cold.
   rPois:     It protects you from poison.
Wands
 k - a wand of flame (40)
 y - a wand of charming (21)
 B - a wand of light (16)
 E - a wand of digging (13)
 F - a wand of mindburst (33)
 R - a wand of polymorph (10)
Scrolls
 c - 2 scrolls of silence
 j - 5 scrolls of magic mapping
 n - 17 scrolls of teleportation
 q - 4 scrolls of blinking
 H - 4 scrolls of fear
Potions
 d - 7 potions of might
 e - 17 potions of curing
 i - 2 potions of berserk rage
 l - 2 potions of brilliance
 v - 8 potions of resistance
 w - 7 potions of mutation
 z - 3 potions of invisibility
 A - 2 potions of heal wounds
 G - 8 potions of lignification
 I - 5 potions of haste
 U - 5 potions of ambrosia
 V - a potion of cancellation
Miscellaneous
 T - a phantom mirror


   Skills:
 + Level 15.2 Fighting
 - Level 18.0 Axes
 + Level 10.5 Armour
 - Level 15.0 Shields
 * Level 24.3 Invocations
 - Level 10.0 Evocations


You had 17 spell levels left.
You didn't know any spells.
Your spell library contained the following spells:

 Spells                   Type           Power      Damage    Failure   Level
 Apportation              Tloc           0%         N/A       95%         1
 Beastly Appendage        Tmut           0%         N/A       95%         1
 Foxfire                  Conj/Fire      0%         2x1d4     95%         1
 Magic Dart               Conj           0%         1d3       95%         1
 Necrotise                Necr           0%         1d4       95%         1
 Sandblast                Erth           0%         2d4       95%         1
 Summon Small Mammal      Summ           0%         N/A       95%         1
 Blink                    Tloc           0%         N/A       99%         2
 Ensorcelled Hibernation  Hex/Ice        0%         N/A       99%         2
 Passwall                 Tmut/Erth      0%         N/A       99%         2
 Poisonous Vapours        Pois/Air       0%         N/A       99%         2
 Searing Ray              Conj           0%         2d4       99%         2
 Wereblood                Tmut           0%         N/A       99%         2
 Conjure Flame            Conj/Fire      0%         6-21      100%        3
 Gell's Gravitas          Tloc           0%         N/A       100%        3
 Inner Flame              Hex/Fire       0%         N/A       100%        3
 Lesser Beckoning         Tloc           0%         N/A       100%        3
 Portal Projectile        Hex/Tloc       0%         N/A       100%        3
 Spider Form              Tmut/Pois      0%         N/A       100%        3
 Stone Arrow              Conj/Erth      0%         3d7       100%        3
 Swiftness                Air            0%         N/A       100%        3
 Teleport Other           Tloc           0%         N/A       100%        3
 Tukima's Dance           Hex            0%         N/A       100%        3
 Animate Armour           Summ/Erth      0%         N/A       100%        4
 Corpse Rot               Necr/Pois/Air  0%         N/A       100%        4
 Flame Wave               Conj/Fire      0%         2d4       100%        4
 Fulminant Prism          Conj/Hex       0%         3d6       100%        4
 Passage of Golubria      Tloc           0%         N/A       100%        4
 Summon Ice Beast         Ice/Summ       0%         N/A       100%        4
 Summon Lightning Spire   Summ/Air       0%         N/A       100%        4
 Alistair's Intoxication  Tmut/Pois      0%         N/A       100%        5
 Blade Hands              Tmut           0%         N/A       100%        5
 Irradiate                Conj/Tmut      0%         3d11      100%        5
 Lee's Rapid Deconstruct  Erth           0%         3d5*      100%        5
 Manifold Assault         Tloc           0%         N/A       100%        5
 Summon Mana Viper        Hex/Summ       0%         N/A       100%        5
 Dispersal                Tloc           0%         N/A       100%        6
 Iron Shot                Conj/Erth      0%         9d1       100%        6
 Statue Form              Tmut/Erth      0%         N/A       100%        6
 Dragon Form              Tmut           0%         N/A       100%        7
 Monstrous Menagerie      Summ           0%         N/A       100%        7
 Storm Form               Tmut/Air       0%         N/A       100%        7
 Borgnjor's Revivificati  Necr           0%         N/A       100%        8
 Disjunction              Tloc           0%         N/A       100%        8
 Lehudib's Crystal Spear  Conj/Erth      0%         10d2      100%        8
 Maxwell's Capacitive Co  Air            0%         ∞         100%        8
 Necromutation            Tmut/Necr      0%         N/A       100%        8
 Death's Door             Necr           0%         N/A       100%        9


Dungeon Overview and Level Annotations

Branches:
Dungeon (15/15)            Temple (0/1) D:7            Lair (6/6) D:10
 Shoals (4/4) Lair:4       Spider (4/4) Lair:3        Slime (0/5) Lair:5
    Orc (2/2) D:12            Elf (0/3) Orc:2        Vaults (0/5) D:13
 Depths (0/4) D:15        Ossuary (visited)          Bailey (visited)
  IceCv (visited)

Altars:
Cheibriados
Fedhas
Gozag
Hepliaklqana
Kikubaaqudgha
Makhleb
Ru
Trog
Vehumet
Xom
Yredelemnul
The Shining One
Beogh
Jiyva

Shops:
D:10 =   Orc:2 (*=??   Shoals:2 !::   Shoals:3 (

Annotations:
D:12 2 runed translucent doors


Message History

The manticore is severely wounded.
You hit the merfolk. Lightning courses through the merfolk!
You kill the merfolk!
Beogh accepts your kill. The manticore bites you.
You block the manticore's attack. x2
The merfolk javelineer throws a silver javelin.
The silver javelin barely misses you.
You slice the manticore!!
Lightning courses through the manticore!
You kill the manticore!
Beogh accepts your kill.
The merfolk javelineer throws a silver javelin.
The silver javelin pierces through you but does no damage.
The merfolk javelineer throws a silver javelin.
The silver javelin pierces through you.
The merfolk javelineer throws a silver javelin.
The silver javelin pierces through you.
The merfolk javelineer throws a silver javelin.
The silver javelin pierces through you!
* * * LOW HITPOINT WARNING * * *
x2 The merfolk javelineer throws a silver javelin.
The silver javelin pierces through you.
* * * LOW HITPOINT WARNING * * *
x2 The merfolk javelineer throws a silver javelin.
The silver javelin barely misses you.
The merfolk javelineer throws a silver javelin.
The silver javelin pierces through you!
* * * LOW HITPOINT WARNING * * *
x2 You see here a +3 halberd.
You slice the merfolk javelineer!!
Lightning courses through the merfolk javelineer!
The merfolk javelineer is heavily wounded.
You slash the merfolk javelineer!
The merfolk javelineer throws a silver javelin.
The silver javelin pierces through you!!
* * * LOW HITPOINT WARNING * * *
x2 You block the merfolk javelineer's attack.
The merfolk javelineer throws a silver javelin.
The silver javelin pierces through you but does no damage.
You die...

.....^.....≈≈≈≈≈≈≈≈≈≈≈
#≈.....≈≈≈[≈≈≈≈≈≈≈≈
#...<..≈≈)≈≈..≈≈≈.
#≈...##.....))....m≈.#
c≈. #.......).....≈.#
# ##..m...........≈
#........).....≈#
##))[m..$.......≈
#..@.))........#
###.).m..........≈
#...<.m...........
#≈.................≈
........(............≈
.....................≈
..................≈≈≈
.................≈≈≈≈
.................≈≈


You could see 4 merfolk javelineers.

Vanquished Creatures
  Bai Suzhen (Shoals:4)
  Nikola (Shoals:1)
  Jorgrun (Orc:1)
  Rupert (Orc:2)
  Asterion (Spider:1)
  Kirke (Spider:1)
  Roxanne (Shoals:2)
  The ghost of gabibbone the Bludgeoner, a journeyman MiGl of the Shining One (Shoals:1)
  Louise (Spider:3)
  An emperor scorpion (Spider:4)
  3 ghost moths
  An orc warlord (Orc:2)
  2 broodmothers
  2 slime creatures (D:12)
  Nessos (Orc:2)
  A spark wasp (Spider:4)
  A dire elephant (Lair:6)
  Azrael (Spider:1)
  4 entropy weavers
  2 merfolk impalers
  Josephine (Lair:6)
  Fannar (D:10)
  A hydra (Lair:6)
  5 boulder beetles
  A jorogumo (Spider:2)
  An ogre mage (Orc:2)
  A death knight (D:14)
  3 centaur warriors
  4 merfolk avatars
  3 merfolk aquamancers
  5 two-headed ogres
  3 satyrs
  2 dancing weapons (D:13)
  3 tengu warriors
  An orc high priest (Bailey)
  5 death yaks
  A skeletal warrior (D:9)
  Amaemon (D:8)
  A pharaoh ant (Spider:2)
  The ghost of eyesofgods1 the Insei, a novice GnTm (D:7)
  A sun moth (Spider:2)
  2 orb spiders (Spider:1)
  7 sea snakes
  A spriggan simulacrum (D:14)
  6 steelbarb worms
  A wizard (D:15)
  2 deep trolls (Orc:2)
  Pikel (D:5)
  2 deep elf pyromancers
  6 ugly things
  5 cyclopes
  A moth of wrath (Spider:4)
  9 wolf spiders
  4 manticores
  6 fauns
  8 merfolk sirens
  7 elephants
  5 black mambas
  3 water nymphs
  A torpor snail (Spider:3)
  2 unseen horrors
  2 gargoyles (D:12)
  7 cane toads
  An orange demon (D:8)
  A freezing wraith (D:14)
  2 rime drakes
  A yaktaur (D:15)
  2 kobold demonologists (D:11)
  8 demonic crawlers
  7 komodo dragons
  4 entropy weaver simulacra (D:14)
  11 merfolk
  10 trolls
  2 polar bears
  16 tarantellas
  4 wind drakes
  11 blink frogs
  5 snapping turtles
  11 water elementals
  7 culicivoras
  6 wraiths
  31 yaks
  A vampire (D:9)
  9 jumping spiders
  2 fire elementals (Spider:1)
  2 wyverns
  3 hogs (Spider:1)
  5 basilisks
  2 steam dragons
  22 redbacks
  Menkaure (D:7)
  A vampire mosquito (Lair:6)
  A harpy simulacrum (D:14)
  An acid dragon (D:10)
  A warg (Orc:2)
  4 hell hounds (Spider:1)
  6 water moccasins
  7 orc warriors
  A sky beast (D:7)
  3 ice beasts (D:6)
  2 black bears
  16 ogres
  An alligator simulacrum (D:14)
  5 boggarts (D:14)
  A phantom (D:6)
  10 wolves (Lair:6)
  7 centaurs
  An elf zombie (Ossuary)
  Blork the orc (D:5)
  4 kobold brigands
  10 bullfrogs
  A gnoll sergeant (D:9)
  2 scorpions
  A necrophage (D:7)
  A water moccasin zombie (D:4)
  5 wights (D:7)
  5 killer bees
  2 howler monkeys (D:10)
  3 electric eels
  3 centaur zombies (Ossuary)
  The ghost of Megustar the Firebug, a weakling DEFE (D:4)
  A bullfrog skeleton (D:4)
  3 hounds
  4 orc priests
  Crazy Yiuf (D:6)
  2 human zombies (Ossuary)
  2 iguanas
  5 orc wizards
  2 hell rats (Lair:3)
  2 killer bee zombies (D:7)
  2 mummies (Ossuary)
  15 gnolls
  A howler monkey skeleton (D:4)
  12 adders
  A shadow imp (D:7)
  2 white imps (D:5)
  An adder zombie (Ossuary)
  3 worms
  2 dart slugs
  29 orcs
  4 bats
  10 endoplasms
  4 giant cockroaches
  6 goblins
  9 hobgoblins
  4 jackals (D:1)
  28 kobolds
  8 ball pythons
  7 frilled lizards
  3 goblin zombies (Ossuary)
  7 hobgoblin zombies (Ossuary)
  8 kobold zombies (Ossuary)
  10 orc zombies (Ossuary)
  A rat (D:3)
  A rat zombie (Ossuary)
  3 bushes (D:1)
658 creatures vanquished.

Vanquished Creatures (collateral kills)
  Mlioglotl (Spider:4)
  Polyphemus (Shoals:2)
  Frances (Shoals:2)
  6 emperor scorpions
  A ghost moth (Spider:4)
  2 broodmothers
  A stone giant (D:15)
  2 entropy weavers
  2 spark wasps (Spider:3)
  2 merfolk impalers
  Snorg (D:10)
  A merfolk javelineer (Shoals:2)
  A boulder beetle (Spider:3)
  An ogre mage (Orc:2)
  3 hydras
  Harold (D:10)
  A catoblepas (Shoals:1)
  4 merfolk aquamancers
  3 radroaches
  2 jorogumos
  7 two-headed ogres
  3 tengu warriors
  2 centaur warriors (D:15)
  10 death yaks
  3 pharaoh ants
  9 orb spiders
  9 steelbarb worms
  A deep elf pyromancer (D:14)
  5 harpies (Shoals:1)
  A manticore (Shoals:2)
  A cyclops (Shoals:1)
  8 wolf spiders
  2 fauns (Shoals:2)
  A moth of wrath (Spider:1)
  3 ugly things
  15 elephants
  2 black mambas (Lair:5)
  2 merfolk sirens
  A water nymph (shapeshifter) (D:15)
  A water nymph (Shoals:1)
  14 cane toads
  2 torpor snails (Spider:3)
  6 demonic crawlers
  6 komodo dragons
  2 kobold demonologists
  A rime drake (Lair:6)
  A freezing wraith (D:14)
  A tengu conjurer (D:15)
  5 polar bears
  7 merfolk
  4 trolls (Orc:2)
  3 tyrant leeches (Lair:6)
  3 hornets
  12 tarantellas
  2 wind drakes
  A wolf spider simulacrum (D:15)
  7 blink frogs
  A slime creature (D:12)
  3 dream sheep (Shoals:1)
  8 jumping spiders
  A snapping turtle (Shoals:1)
  9 culicivoras
  7 water elementals
  A fire elemental (Spider:1)
  3 wyverns
  4 basilisks
  7 wraiths
  30 yaks
  16 redbacks
  4 vampire mosquitoes (Lair:6)
  4 wargs
  A steam dragon (D:10)
  9 water moccasins
  A hell hound (Spider:1)
  5 orc warriors
  An alligator simulacrum (D:14)
  2 black bears
  9 ogres
  9 wolves (Lair:6)
  2 centaurs
  A kobold brigand (D:11)
  12 bullfrogs
  3 killer bees
  6 electric eels
  An orc priest (D:9)
  A gnoll bouda (D:9)
  4 orc wizards
  4 hell rats (Lair:3)
  3 gnolls (D:9)
  9 orcs
  A goblin (D:8)
  2 hobgoblins (Bailey)
  A kobold (D:11)
  3 training dummies (Shoals:3)
  A fungus (Lair:3)
389 creatures vanquished.

Vanquished Creatures (others)
  An orc warlord (Spider:4)
  4 orc knights
  A deep elf pyromancer (D:13)
  A dream sheep (Shoals:1)
  A jumping spider (Spider:1)
  6 orc warriors
  2 humans (Spider:1)
  A hog (Spider:1)
  2 orc priests (Orc:2)
  8 orc wizards
  A gnoll (D:3)
  29 orcs
  37 fungi
  121 plants
215 creatures vanquished.

Grand Total: 1262 creatures vanquished

Notes
Turn   | Place    | Note
-------+----------+-------------------------------------------
     0 | D:1      | wilfster70 the Hill Orc Fighter began the quest for the
                  | Orb.
     0 | D:1      | Reached XP level 1. HP: 19/19 MP: 1/1
   199 | D:1      | Reached XP level 2. HP: 25/27 MP: 2/2
   274 | D:1      | Identified a scroll of acquirement
   274 | D:1      | Acquired the +1 cloak of Starlight {*Dazzle EV+4 Stlth--}
   274 | D:1      | Found the +1 cloak of Starlight {*Dazzle EV+4 Stlth--}
   640 | D:1      | Acquired the ring of Eqetathrudgh {rElec rPois Int+6}
   948 | D:2      | Reached XP level 3. HP: 33/33 MP: 3/3
   999 | D:2      | Found a faded altar of an unknown god.
  1206 | D:2      | Reached XP level 4. HP: 35/40 MP: 4/4
  2049 | D:2      | Reached XP level 5. HP: 43/47 MP: 5/5
  2302 | D:3      | Became a worshipper of Beogh the Brigand
  2317 | D:3      | Found a bloodstained altar of Trog.
  2339 | D:3      | Reached skill level 5 in Axes
  2668 | D:3      | Found a shimmering altar of Xom.
  3072 | D:4      | Reached * piety under Beogh
  3073 | D:4      | Reached skill level 1 in Invocations
  3073 | D:4      | Reached XP level 6. HP: 49/55 MP: 6/6
  3250 | D:4      | Found a transporter.
  3255 | D:4      | Noticed Megustar's ghost (weakling DEFE)
  3256 | D:4      | Found a transporter.
  3274 | D:4      | Killed Megustar's ghost
  3279 | D:4      | Reached skill level 5 in Fighting
  3283 | D:4      | Reached skill level 2 in Invocations
  3307 | D:4      | Found a hazy altar of Hepliaklqana.
  3325 | D:4      | Found an ancient bone altar of Kikubaaqudgha.
  3501 | D:4      | Found an opulent altar of Gozag.
  3699 | D:4      | Found a burning altar of Makhleb.
  3815 | D:4      | Found a blossoming altar of Fedhas.
  3815 | D:4      | Found a snail-covered altar of Cheibriados.
  3886 | D:5      | Entered Level 5 of the Dungeon
  3889 | D:5      | Noticed a black bear
  3893 | D:5      | Reached XP level 7. HP: 60/60 MP: 8/8
  3911 | D:4      | Reached skill level 5 in Armour
  3912 | D:4      | Reached skill level 3 in Invocations
  4229 | D:5      | Noticed Pikel
  4266 | D:5      | Killed Pikel
  4267 | D:5      | Reached skill level 4 in Invocations
  4267 | D:5      | Reached XP level 8. HP: 60/71 MP: 9/11
  4342 | D:5      | Reached ** piety under Beogh
  4343 | D:5      | Reached skill level 5 in Invocations
  4617 | D:5      | Noticed Blork the orc
  4624 | D:5      | Killed Blork the orc
  4836 | D:6      | Found a sacrificial altar of Ru.
  4836 | D:6      | Found a glowing golden altar of the Shining One.
  4938 | D:6      | Reached skill level 10 in Axes
  4957 | D:6      | Reached XP level 9. HP: 79/79 MP: 13/13
  4983 | D:6      | Reached skill level 6 in Invocations
  5575 | D:6      | Found a runed translucent door.
  5576 | D:6      | Noticed Crazy Yiuf
  5582 | D:6      | Killed Crazy Yiuf
  5988 | D:7      | Reached *** piety under Beogh
  5993 | D:7      | Found a staircase to the Ecumenical Temple.
  5997 | D:7      | Noticed Menkaure
  6004 | D:7      | HP: 4/81 [sky beast (2)]
  6007 | D:7      | Killed Menkaure
  6171 | D:7      | Found a sand-covered staircase.
  6184 | Ossuary  | Entered an ossuary
  6424 | Ossuary  | Reached skill level 7 in Invocations
  6441 | Ossuary  | Reached **** piety under Beogh
  7133 | D:7      | Found a runed translucent gate.
  7133 | D:7      | Found a runed translucent gate.
  7133 | D:7      | Found a runed translucent gate.
  7133 | D:7      | Noticed eyesofgods1's ghost (novice GnTm)
  7136 | D:7      | Found a basalt altar of Yredelemnul.
  7160 | D:7      | Killed eyesofgods1's ghost
  7161 | D:7      | Reached skill level 8 in Invocations
  7161 | D:7      | Reached XP level 10. HP: 83/91 MP: 14/16
  7395 | D:8      | Found a flagged portal.
  7396 | D:8      | Noticed Amaemon
  7399 | D:8      | Noticed an orange demon
  7411 | D:8      | Killed Amaemon
  7417 | D:8      | Killed an orange demon
  7418 | D:8      | Reached skill level 9 in Invocations
  7433 | Bailey   | Entered a bailey
  7642 | Bailey   | Noticed an orc high priest
  7652 | Bailey   | Killed an orc high priest
  8064 | Bailey   | Found an iron altar of Okawaru.
  8064 | Bailey   | Noticed a kobold demonologist
  8069 | Bailey   | Noticed a sun demon
  8071 | Bailey   | Killed a kobold demonologist
  8071 | Bailey   | Gained Bogmar as an ally
  8113 | Bailey   | Identified the +8 sling of Risukash {freeze, Dex+2}
  8183 | Bailey   | Reached skill level 10 in Fighting
  8295 | D:8      | Acquired a manual of Translocations
  8297 | D:8      | Acquired the amulet of the Establishment {Reflect Contam
                  | rElec Dex+2 SH+5 SInv}
  8310 | D:8      | Acquired the +2 pair of boots of Parts Unknown {Int+3}
  8454 | D:8      | Noticed a two-headed ogre
  8461 | D:8      | Killed a two-headed ogre
  8462 | D:8      | Reached skill level 15 in Axes
  8462 | D:8      | Reached skill level 10 in Invocations
  8462 | D:8      | Reached XP level 11. HP: 94/101 MP: 18/18
  9226 | D:9      | Reached ***** piety under Beogh
  9315 | D:9      | Noticed a skeletal warrior
  9320 | D:9      | Found the +5 scythe "Finisher" {speed, eviscerate}
  9323 | D:9      | Killed a skeletal warrior
  9530 | D:9      | Noticed a two-headed ogre
  9536 | D:9      | Killed a two-headed ogre
  9891 | D:10     | Entered Level 10 of the Dungeon
  9970 | D:10     | Found Dolleos's Jewellery Shoppe.
  9976 | D:10     | Bought the ring "Fufar" {Fly rF+ Int+4} for 510 gold pieces
  9989 | D:10     | Found a radiant altar of Vehumet.
 10003 | D:10     | Identified the +1 leather armour of Parlour Games {rN+
                  | Int-5 Dex+3 Slay-5}
 10047 | D:10     | Reached skill level 11 in Invocations
 10049 | D:10     | Gained Bogrim as an ally
 10157 | D:10     | Noticed Fannar
 10169 | D:10     | Killed Fannar
 10666 | D:10     | Noticed Snorg
 10675 | D:10     | Killed Snorg
 10989 | D:10     | Noticed Harold
 11003 | D:10     | Killed Harold
 11128 | D:10     | Reached XP level 12. HP: 96/111 MP: 20/20
 11137 | D:10     | Found a staircase to the Lair.
 11418 | D:11     | Noticed a two-headed ogre
 11430 | D:11     | Killed a two-headed ogre
 11431 | D:11     | Reached skill level 12 in Invocations
 11647 | Lair:1   | Entered Level 1 of the Lair of Beasts
 12740 | Lair:2   | Reached skill level 13 in Invocations
 13506 | Lair:3   | Gained Jorge as an ally
 13727 | Lair:3   | Reached skill level 14 in Invocations
 13880 | Lair:3   | Reached XP level 13. HP: 119/123 MP: 23/23
 14145 | Lair:3   | Reached ****** piety under Beogh
 14234 | Lair:3   | Found a hole to the Spider Nest.
 14513 | Lair:4   | Reached skill level 15 in Invocations
 15019 | Lair:4   | Found a staircase to the Shoals.
 15482 | Lair:5   | Reached skill level 16 in Invocations
 15784 | Lair:5   | Found a viscous altar of Jiyva.
 15784 | Lair:5   | Found a staircase to the Slime Pits.
 15940 | Lair:5   | Acquired the +0 kite shield of Poaz Uny {+Inv}
 16276 | Lair:6   | Entered Level 6 of the Lair of Beasts
 16360 | Lair:6   | Reached skill level 1 in Evocations
 16393 | Lair:6   | Reached XP level 14. HP: 131/132 MP: 26/26
 16408 | Lair:6   | Reached skill level 17 in Invocations
 16418 | Lair:6   | Reached skill level 5 in Shields
 16806 | Lair:6   | Acquired a manual of Hexes
 17497 | Lair:6   | Noticed a dire elephant
 17508 | Lair:6   | Killed a dire elephant
 17727 | Lair:6   | Noticed Josephine
 17733 | Lair:6   | Killed Josephine
 18430 | D:11     | Reached skill level 5 in Evocations
 18874 | D:12     | Reached skill level 18 in Invocations
 19014 | D:12     | Gained Boruk as an ally
 19118 | D:12     | Acquired the +1 helmet of Lieroij {rCorr}
 19546 | D:12     | Found a runed translucent door.
 19697 | D:12     | Found a runed translucent door.
 19736 | D:12     | Found a staircase to the Orcish Mines.
 19828 | D:13     | Found a gate to the Vaults.
 20643 | D:14     | Reached XP level 15. HP: 38/138 MP: 28/28
 21101 | D:14     | Found a frozen archway.
 21233 | IceCv    | Entered an ice cave
 21794 | D:14     | Gained Murdo as an ally
 22287 | D:14     | Reached skill level 19 in Invocations
 22512 | D:15     | Entered Level 15 of the Dungeon
 22955 | D:15     | Found a staircase to the Depths.
 23058 | D:15     | Found a shimmering altar of Xom.
 23059 | D:15     | Found a shimmering altar of Xom.
 23060 | D:15     | Found a shimmering altar of Xom.
 23062 | D:15     | Found a shimmering altar of Xom.
 23068 | D:15     | Found a shimmering altar of Xom.
 23068 | D:15     | Found a shimmering altar of Xom.
 23646 | Orc:1    | Entered Level 1 of the Orcish Mines
 23730 | Orc:1    | Upgraded the game from 0.29-a0-845-g6161e89988 to
                  | 0.29-a0-857-g9b1aa3ac5b
 23757 | Orc:2    | Entered Level 2 of the Orcish Mines
 23778 | Orc:2    | Noticed an orc warlord
 23778 | Orc:2    | Your ally Boruk died
 23783 | Orc:2    | Reached skill level 10 in Shields
 23783 | Orc:2    | Gained Arkwar as an ally
 23792 | Orc:2    | Noticed Nessos
 23794 | Orc:2    | Noticed Rupert
 23796 | Orc:2    | Killed Nessos
 23797 | Orc:2    | Killed Rupert
 23815 | Orc:2    | Your ally Arkwar died
 23816 | Orc:2    | Killed an orc warlord
 23823 | Orc:2    | Gained Alork as an ally
 23838 | Orc:2    | Your ally Alork died
 24257 | Orc:2    | Found Tenteequd's Antique Weapon Shoppe.
 24259 | Orc:2    | Found Fysawn's Assorted Antiques.
 24269 | Orc:2    | Found Moevaosch's Jewellery Shop.
 24286 | Orc:2    | Found a staircase to the Elven Halls.
 24303 | Orc:2    | Found a roughly hewn altar of Beogh.
 24355 | Orc:2    | Found Tuyco's Magic Scroll Emporium.
 24466 | Orc:1    | Noticed Jorgrun
 24471 | Orc:1    | Killed Jorgrun
 24472 | Orc:1    | Reached skill level 20 in Invocations
 24846 | Orc:2    | Found Oleaci's Magic Scroll Shop.
 24857 | Orc:2    | Bought 3 scrolls of enchant armour for 360 gold pieces
 24857 | Orc:2    | Bought 3 scrolls of blinking for 360 gold pieces
 25343 | Spider:1 | Entered Level 1 of the Spider Nest
 25374 | Lair:3   | Reached XP level 16. HP: 127/146 MP: 30/30
 25928 | Spider:1 | Noticed Kirke
 25939 | Spider:1 | Killed Kirke
 26006 | Spider:1 | Noticed Azrael
 26013 | Spider:1 | Killed Azrael
 26023 | Spider:1 | Gained Korbok as an ally
 26290 | Spider:1 | Noticed Asterion
 26294 | Spider:1 | Killed Asterion
 26399 | Spider:1 | Reached skill level 10 in Evocations
 27474 | Spider:2 | Identified the +6 quarterstaff of Upheaval {freeze, rN+
                  | MP-9 Stlth+}
 27775 | Spider:2 | Reached skill level 21 in Invocations
 28844 | Spider:3 | Noticed Louise
 28854 | Spider:3 | Killed Louise
 29753 | Spider:3 | Reached XP level 17. HP: 139/152 MP: 31/31
 30217 | Spider:3 | Identified the ring "Fautyocs" {rPois rC+ Str+2}
 30427 | Spider:4 | Entered Level 4 of the Spider Nest
 30457 | Spider:4 | Noticed Mlioglotl
 30462 | Spider:4 | Killed Mlioglotl
 30496 | Spider:4 | Got the Octavo of Discontinuous Metal
 31149 | Spider:4 | Your ally Korbok died
 31179 | Spider:4 | Reached skill level 15 in Shields
 31179 | Spider:4 | Reached skill level 22 in Invocations
 31811 | Spider:4 | Got a gossamer rune of Zot
 32126 | Shoals:1 | Entered Level 1 of the Shoals
 32126 | Shoals:1 | Found a large runed translucent door.
 32126 | Shoals:1 | Found a large runed translucent door.
 32138 | Shoals:1 | Noticed gabibbone's ghost (journeyman MiGl)
 32166 | Shoals:1 | Killed gabibbone's ghost
 32896 | Shoals:1 | Reached skill level 23 in Invocations
 33013 | Shoals:2 | Found Jaitama's Distillery.
 33161 | Shoals:2 | Noticed Frances
 33168 | Shoals:2 | Killed Frances
 33195 | Shoals:2 | Noticed Polyphemus
 33213 | Shoals:2 | Killed Polyphemus
 33214 | Shoals:1 | Noticed Nikola
 33219 | Shoals:1 | Killed Nikola
 34866 | Shoals:2 | Found Ytwufotz's Book Shop.
 34985 | Shoals:2 | Found Basethes's Book Shoppe.
 35053 | Shoals:2 | Bought 2 potions of curing for 96 gold pieces
 35053 | Shoals:2 | Bought a potion of might for 64 gold pieces
 35061 | Shoals:2 | Identified Roxanne's Treatise on Earth
 35061 | Shoals:2 | Noticed Roxanne
 35074 | Shoals:2 | Killed Roxanne
 35953 | Shoals:3 | Reached skill level 10 in Armour
 36000 | Shoals:3 | Found Loceumyh's Firing Range.
 36007 | Shoals:3 | Found a flickering gateway to a bazaar.
 36027 | Bazaar   | Entered a bazaar
 36343 | Bazaar   | Found Seosh's Magic Scroll Shop.
 36343 | Bazaar   | Found Akuo's Jewellery Boutique.
 36404 | Bazaar   | Found Xofilis's General Store.
 36404 | Bazaar   | Found Qamoc's Jewellery Shop.
 36484 | Bazaar   | Bought a scroll of acquirement for 676 gold pieces
 36484 | Bazaar   | Bought a scroll of acquirement for 676 gold pieces
 36530 | Bazaar   | Bought a scroll of acquirement for 728 gold pieces
 36558 | Shoals:3 | Acquired a manual of Spellcasting
 36560 | Shoals:3 | Acquired 592 gold pieces
 36562 | Shoals:3 | Acquired the ring of the Fuzzy God {+Blink Fly Will+}
 36770 | Shoals:3 | Identified the +1 mace of Equilibrium {protect, Drain rPois
                  | rN+ Will+}
 37116 | Shoals:3 | Identified the +7 war axe "Buris" {drain, Will+ Str+4
                  | Stlth+}
 37206 | Shoals:4 | Entered Level 4 of the Shoals
 37222 | Shoals:4 | Reached XP level 18. HP: 155/162 MP: 33/33
 37225 | Shoals:4 | Reached skill level 15 in Fighting
 37228 | Shoals:4 | Reached skill level 24 in Invocations
 37370 | Shoals:4 | Noticed Bai Suzhen
 37381 | Shoals:4 | Killed Bai Suzhen
 39324 | Shoals:4 | HP: 3/163 [merfolk javelineer/silver javelin (20)]
 39324 | Shoals:4 | HP: 1/163 [merfolk javelineer/silver javelin (2)]
 39324 | Shoals:4 | Hit by a silver javelin thrown by a merfolk javelineer

Illustrated notes

Levels and vault maps discovered:
D:1:      lemuel_arrival_behind_the_door_large, layout_basic, minivault_24,
          dreamdust_wishing_well, moated_statue, minmay_hedge_maze
D:2:      layout_basic, dreamdust_ecumenical_altar_grove, eino_tiny_chamber,
          minmay_joined_circles
D:3:      layout_loops_ring, bloody_trog, mainiacjoe_overflow_tiny_flanked,
          minmay_fractal_squares_gapless_5
D:4:      layout_basic, bloody_makhleb, lemuel_crystal_altar,
          gammafunk_temple_overflow_pools, grunt_temple_overflow_open,
          gammafunk_ghost_mausoleum
D:5:      layout_cave_pools, minmay_misc_feat_x, uniq_blork_the_orc, uniq_pikel
D:6:      layout_basic, mainiacjoe_overflow_catch_the_wave,
          minmay_misc_feat_pillars, minivault_24, uniq_crazy_yiuf_cottage
D:7:      layout_rooms, nicolae_yredelemnul_ghost_church,
          minmay_temple_entry_ruins, chequers_ossuary_entry_cave,
          corexii_corridor_pit, uniq_menkaure
D:8:      layout_loops_cross, enter_bailey_5, uniq_amaemon
D:9:      layout_cave_pools, minmay_guarded_unrand_finisher
D:10:     layout_loops_ring, vehumet_crystals, erik_lair_dragon, serial_shops,
          shop, uniq_harold, uniq_snorg, uniq_fannar
D:11:     layout_loops_ring
D:12:     minmay_expanding_circles, layout_rooms, orc_0_dummy, chequers_garden
D:13:     layout_irregular_city, erik_vaults_1
D:14:     layout_roguey, portal_ice_cave_entry_ice_simulacra,
          kennysheep_pointless_box, solitary_fountain, drop_trap
D:15:     grunt_enter_depths_snipers, layout_basic, serial_bayou,
          serial_bayou_lagoon_a, serial_bayou_lagoon_b, serial_bayou_shore_a,
          serial_bayou_pond_b, nicolae_eternal_life, abandoned_shop,
          xom_shifter_show
Lair:1:   layout_small_grid
Lair:2:   layout_gridlike
Lair:3:   layout_loops_ring, hellmonk_spider_entry_life_and_decay
Lair:4:   beast_lair_carwin_large_1, layout_layer_cave, elwin_shoals_entry_rooms
Lair:5:   layout_loops_ring, dpeg_slime_entry_enclosed,
          chequers_serial_rivers_micro_e, grunt_megastairs_4,
          infiniplex_staircase_pool
Lair:6:   minmay_lair_end_frog_pond, layout_layer_cave,
          grunt_forest_stairs_basic, chequers_serial_rivers_micro_d,
          grunt_forest_large_clearings, serial_bayou_shore_b, uniq_josephine
Shoals:1: layout_shoals, ebering_ghost_disaster_area, uniq_nikola
Shoals:2: layout_shoals, serial_shops, nicolae_diamond_shop,
          nicolae_shop_advertising_works [nicolae_subvault_shop_adworks],
          nicolae_diamond_shop, abandoned_shop, nicolae_shoals_water_booths,
          uniq_frances, uniq_polyphemus, uniq_roxanne
Shoals:3: layout_shoals, serial_shops, bzr_in_the_mist,
          nicolae_shop_firing_range
Shoals:4: shoals_end_grunt_ice, layout_shoals, abandoned_shop, uniq_bai_suzhen
Spider:1: layout_spider_delve, uniq_kirke, uniq_azrael, uniq_asterion
Spider:2: layout_spider_delve
Spider:3: layout_spider_delve, nicolae_spider_shape, uniq_louise
Spider:4: guppyfry_spider_rune, uniq_mlioglotl
Orc:1:    layout_diamond_mine, uniq_jorgrun
Orc:2:    st_orc_open, layout_caves, basic_altar, serial_shops, shop,
          uniq_rupert, uniq_nessos

Skill      XL: |  1  2  3  4  5  6  7  8  9 10 11 12 13 14 15 16 17 18 |
---------------+-------------------------------------------------------+-----
Axes           | 3 4 5 6 8 10 13 15 17 18 | 18.0
Fighting       | 4 5 6 7 9 10 11 13 14 15 | 15.2
Shields        | 4 8 11 14 15 | 15.0
Armour         | 4 5 9 10 | 10.5
Invocations    | 1 2 4 5 8 10 11 14 16 18 20 21 23 24 | 24.3
Evocations     | 1 6 9 10 | 10.0

Action                   |  1- 3 |  4- 6 |  7- 9 | 10-12 | 13-15 | 16-18 || total
-------------------------+-------+-------+-------+-------+-------+-------++-------
Melee: War axe           |   163 |   203 |    31 |       |       |       ||   397
       Broad axe         |       |       |   253 |   345 |   561 |   674 ||  1833
       Demon whip        |       |       |       |       |    13 |       ||    13
Invok: Convert to Beogh  |       |     1 |       |       |       |       ||     1
       Smiting           |       |       |     1 |       |     9 |    40 ||    50
       Give Item to Name |       |       |       |     3 |     1 |     1 ||     5
       Recall Orcish Fol |       |       |       |     1 |       |     5 ||     6
       Stop Recall       |       |       |       |     1 |       |     3 ||     4
       Resurrection      |       |       |       |       |     1 |     1 ||     2
Evoke: Wand              |       |       |       |     2 |     1 |       ||     3
       Phantom mirror    |       |       |       |       |       |     1 ||     1
  Use: Scroll            |     2 |     1 |    14 |    13 |    19 |    11 ||    60
       Potion            |       |       |     3 |     1 |     2 |     7 ||    13
 Stab: Invisible         |     3 |     3 |     4 |     9 |     8 |    11 ||    38
       Distracted        |       |       |       |     1 |     3 |     6 ||    10
       Petrified         |       |       |       |       |       |     6 ||     6
       Petrifying        |       |       |       |       |       |     1 ||     1
Armor: Scale mail        |    19 |       |       |       |       |       ||    19
       Plate armour      |    34 |   109 |   154 |   156 |   276 |   515 ||  1244
Dodge: Dodged            |    56 |   149 |   138 |   123 |   186 |   287 ||   939
Block: Buckler           |    18 |    50 |    45 |   122 |    37 |       ||   272
       Reflection        |       |       |       |     3 |    35 |    41 ||    79
       Kite shield       |       |       |       |       |   374 |   751 ||  1125

Table legend: (Time is in decaauts)
 A = Elapsed time spent in this place.
 B = Non-inter-level travel time spent in this place.
 C = Inter-level travel time spent in this place.
 D = Time resting spent in this place.
 E = Time spent auto-exploring this place.
 F = Levels seen in this place.
 G = Mean time per level.
                   A        B        C        D        E       F      G
               +--------+--------+--------+--------+--------+-----+--------+
         Total |  39248 |  37301 |   1947 |  11850 |  14609 |  35 | 1121.4 |
       Dungeon |  16192 |  15123 |   1069 |   2962 |   7663 |  15 | 1079.5 |
          Lair |   7380 |   7001 |    379 |   1353 |   4027 |   6 | 1230.0 |
        Shoals |   6272 |   6198 |     74 |   3573 |   1008 |   4 | 1568.0 |
   Spider Nest |   6260 |   5960 |    300 |   2717 |   1372 |   4 | 1565.0 |
  Orcish Mines |   1430 |   1308 |    122 |    350 |    491 |   2 |  715.0 |
        Bazaar |    529 |    529 |      0 |    306 |      0 |   1 |  529.0 |
       Ossuary |    335 |    335 |      0 |    141 |     48 |   1 |  335.0 |
        Bailey |    836 |    836 |      0 |    448 |      0 |   1 |  836.0 |
      Ice Cave |     11 |     11 |      0 |      0 |      0 |   1 |   11.0 |
               +--------+--------+--------+--------+--------+-----+--------+

Top non-repeatable levels by time:
Shoals:3: 2741 daAuts
Shoals:1: 2172 daAuts
    D:14: 2068 daAuts
Spider:2: 2043 daAuts
  Lair:6: 1829 daAuts
Spider:1: 1769 daAuts
    D:10: 1654 daAuts
  Lair:4: 1496 daAuts
Spider:4: 1450 daAuts
     D:2: 1374 daAuts
  Lair:3: 1350 daAuts
Shoals:2: 1219 daAuts
     D:6: 1199 daAuts
     D:7: 1114 daAuts
     D:4: 1077 daAuts
